cohdb
Replays
Latest Replays
All Replays
Popular Replays
Top Player Replays
Match Explorer
How It Works
Community
CoH3 Stats
Reddit
Sign in to upload your games and track your stats! →
Sign in with Steam
Match 44360544
Unlisted
Match 44360544
Overview
Messages
Build Orders
End
Royal Engineer Section
Vickers Machine Gun Team
Vickers Machine Gun Team
Construct Field Infirmary
Construct Section Command Post
Infantry Section
Selects Indian Artillery Battlegroup
Selects Towed ML 4.2-inch Heavy Mortar
Selects Towed ML 4.2-inch Heavy Mortar
Selects Towed ML 4.2-inch Heavy Mortar
Towed ML 4.2-inch Heavy Mortar
Construct Platoon Command Post
6-pounder Anti-tank Gun Team
6-pounder Anti-tank Gun Team
Humber Armored Car
Humber Armored Car
gas940
RDFlight
Gwangju's Hero Chun Doo-gwang
Uwe Berger
0
0
Comments
sign in to comment!
No comments posted yet!